Map: Акрополь РВ

Players

LiquidMaNa (MaNa)

  • Race: Protoss Protoss
  • League: Grandmaster
  • Spawn Location: 11:00

IIIIIIIIIIII - Winner!

  • Race: Protoss Protoss
  • League: Master
  • Spawn Location: 5:00

VOD

Have the link to the VOD?

Description

Time

  • Played on: July 21, 2019, 7:22 a.m.
  • Length: 6:24
Show
View Real Time Build Order
Export as new Build Order

LiquidMaNa Protoss 

Build Orders: Phoenix Opening, Proxy Void Ray 

Get SALT Encoding   

  12  0:00  Probe  
  13  0:12  Probe  
  14  0:17  Pylon  
  14  0:24  Probe  
  15  0:32  Probe  
  15  0:38  Gateway  
  15  0:40  Probe  
  16  0:47  Assimilator  
  17  0:51  Probe  
  17  0:55  Assimilator  
  18  0:59  Probe  
  19  1:07  Probe  
  19  1:08  Gateway  
  19  1:17  Probe  
  20  1:24  Cybernetics Core  
  21  1:29  Probe  
  22  1:34  Pylon  
  22  1:41  Probe  
  23  1:53  Probe  
  24  2:01  Stalker  
  24  2:02  Sentry  
  24  2:03  Warp Gate  
  24  2:06  Probe  
  29  2:10  Pylon  
  28  2:28  Stargate  
  28  2:36  Phoenix, Stalker  
  30  2:46  Stalker  
  32  3:00  Nexus  
  32  3:15  Void Ray  
  34  3:28  Shield Battery  
  34  3:33  Shield Battery  
  34  3:36  Robotics Facility  
  34  3:42  Shield Battery  
  34  3:49  Shield Battery  
  34  3:52  Stalker  
  34  3:59  Void Ray  
  38  4:18  Immortal  
  38  4:22  Zealot  
  44  4:34  Zealot  
  46  4:40  Shield Battery  
  46  4:47  Zealot  
  40  4:55  Immortal  
  44  5:11  Shield Battery  
  42  5:16  Zealot  
  44  5:25  Zealot  
  46  5:33  Immortal  
  40  5:51  Zealot  
  40  5:53  Zealot  
Show
View Real Time Build Order
Export as new Build Order

IIIIIIIIIIII Protoss - Winner!

Build Orders: Blink Stalkers 

Get SALT Encoding   

  12  0:01  Probe  
  13  0:13  Probe  
  14  0:17  Pylon  
  14  0:23  Probe  
  15  0:31  Probe  
  15  0:39  Probe  
  15  0:40  Gateway  
  16  0:46  Assimilator  
  17  0:51  Probe  
  17  0:55  Assimilator  
  18  1:03  Probe  
  19  1:08  Gateway  
  19  1:15  Probe  
  20  1:27  Cybernetics Core  
  20  1:28  Probe  
  21  1:35  Pylon  
  21  1:40  Probe  
  22  1:52  Probe  
  23  1:55  Warp Gate  
  23  2:03  Stalker x2  
  27  2:16  Pylon  
  27  2:22  Twilight Council  
  27  2:33  Stalker  
  27  2:34  Blink  
  27  2:35  Stalker  
  31  2:56  Pylon  
  29  3:26  Stalker x2  
  29  3:27  Gateway  
  33  3:30  Gateway  
  33  4:01  Pylon  
  33  4:05  Stalker  
  33  4:07  Pylon, Stalker  
  37  4:12  Shield Battery  
  37  4:26  Stalker x2  
  41  4:31  Stalker  
  43  4:39  Stalker  
  37  4:57  Stalker x2  
  41  5:15  Stalker x2  
  45  5:27  Stalker x2  
  41  5:45  Stalker x2  
  43  6:13  Stalker x3  
Tags
 
Add a new tag
Caveats
  • Supply blocks, unpowered buildings, or Contaminate may cause inaccurate times.
  • Supply counts are checked every 10 seconds.